 Dungeon Crawl Stone Soup version 0.27.1 (webtiles) character file.

Game seed: 4674498615138527142

230 Descartes the Covert (level 5, 0/27 HPs)
             Began as a Spriggan Delver on Sept 1, 2021.
             Killed by divine providence
             ... invoked by an orc priest
              (12 damage)
             ... on level 4 of the Dungeon.
             The game lasted 00:14:14 (4661 turns).

Descartes the Covert (Spriggan Delver)              Turns: 4661, Time: 00:14:15

Health: 0/27       AC:  3    Str:  9    XL:     5   Next: 72%
Magic:  7/8        EV: 19    Int: 11    God:
Gold:   160        SH:  5    Dex: 17    Spells: 6/6 levels left

rFire    . . .     SeeInvis +   a - +4 dagger (freeze)
rCold    + . .     Faith    .   (shield restricted)
rNeg     + . .     Spirit   .   y - +1 robe {rN+}
rPois    .         Reflect  +   (helmet restricted)
rElec    .         Harm     .   (no cloak)
rCorr    .         Rampage  .   (gloves unavailable)
Will     .....                  (boots unavailable)
Stlth    ++++......             z - amulet of reflection
HPRegen  0.09/turn              p - ring of protection from cold
MPRegen  0.11/turn              (no ring)

@: very quick
A: very small, no large weapons, unfitting armour, see invisible, speed 3
a: no special abilities


You were on level 4 of the Dungeon.
You visited 1 branch of the dungeon, and saw 5 of its levels.

You collected 160 gold pieces.

Inventory:

Hand Weapons
 a - a +4 dagger of freezing (weapon)
 b - a +0 hunting sling
 A - a +0 dagger of electrocution
Missiles
 j - 115 stones (quivered)
 n - 42 bolts
 t - 5 arrows
 w - 5 boomerangs
 x - 18 sling bullets
 B - 8 poisoned darts
Armour
 y - a +1 robe of positive energy (worn)
Jewellery
 p - a ring of protection from cold (left hand)
 s - an amulet of guardian spirit
 z - an amulet of reflection (around neck)
Wands
 g - a wand of digging (3)
Scrolls
 c - 3 scrolls of fog
 d - 2 scrolls of magic mapping
 e - a scroll of fear
 h - a scroll of enchant weapon {unknown}
 l - 2 scrolls of noise {unknown}
 m - 2 scrolls of enchant armour {unknown}
 o - a scroll of identify {unknown}
 q - a scroll of teleportation {unknown}
 u - a scroll of torment {unknown}
Potions
 f - a potion of haste
 i - 2 potions of brilliance {unknown}
 k - a potion of might {unknown}
 r - a potion of mutation {unknown}
 v - a potion of invisibility {unknown}


   Skills:
 - Level 2.4 Fighting
 + Level 3.4 Short Blades
 + Level 2.3 Slings
 + Level 4.2 Dodging
 + Level 8.3 Stealth
 + Level 1.4 Spellcasting
 - Level 3.0 Evocations


You had 6 spell levels left.
You didn't know any spells.
Your spell library contained the following spells:

 Spells                   Type           Power      Damage    Failure   Level
 Gell's Gravitas          Tloc           0%         N/A       67%         3
 Lesser Beckoning         Tloc           0%         N/A       67%         3
 Portal Projectile        Hex/Tloc       0%         N/A       67%         3
 Teleport Other           Tloc           0%         N/A       67%         3
 Blade Hands              Tmut           0%         N/A       100%        5
 Excruciating Wounds      Necr           0%         N/A       100%        5


Dungeon Overview and Level Annotations

Branches:
Dungeon (5/15)
 Temple: D:4-7

Altars:

Annotations:
D:4 Sigmund
D:5 Prince Ribbit


Innate Abilities, Weirdness & Mutations

You are very small and have problems with some larger weapons.
You are too small for most types of armour.
You have supernaturally acute eyesight. (SInv)
You cover ground extremely quickly. (Speed+++)


Message History

You hit the bullfrog skeleton.
The bullfrog skeleton is severely damaged.
You hear a shout! x2
The bullfrog skeleton completely misses you.
The orc throws a stone.
The stone closely misses you.
You hit the bullfrog skeleton.
The bullfrog skeleton is almost destroyed.
The bullfrog skeleton closely misses you.
You hit the bullfrog skeleton but do no damage.
The bullfrog skeleton is almost destroyed.
The bullfrog skeleton completely misses you.
You hit the bullfrog skeleton.
You destroy the bullfrog skeleton!
The orc throws a stone.
The stone barely misses you.
Training target 3.0 for Evocations reached!
Your Evocations skill increases to level 3!
You barely miss the orc. You hit the orc. You freeze the orc.
The orc is heavily wounded.
The orc completely misses you.
You puncture the orc! You freeze the orc.
You kill the orc!
The orc priest mumbles some strange prayers to Beogh against you.
Beogh smites you!
Ouch! That really hurt!
The orc shouts!
You are too injured to fight recklessly!
You are too injured to fight recklessly!
You are too injured to fight recklessly!
Unknown command.
You hit the orc priest. You freeze the orc priest.
The orc priest is lightly wounded.
The orc priest mumbles some strange prayers to Beogh against you.
Pain shoots through your body!
You hit the orc priest but do no damage.
The orc priest is lightly wounded.
A quokka comes into view.
The orc priest calls down the wrath of Beogh upon you.
Beogh smites you!
You die...

..r .. #.. .. .. #... .. ..
.##.... .. . .#..... .. ...
o#....... .. .... ##o....... ..
#..###.o........ .. #####
#..#...@.......... .. ##...###
#......)........... .......##
#.................# # ........#
#....)...........# ##
........###...............# #.
.........##..............# ##.
..........#......>.......# ##.#
..........#........(....# ###...
............?..........#####.....


You could see 2 orc priests, an orc and a quokka.

Vanquished Creatures
  A kobold brigand (D:2)
  A bullfrog skeleton (D:4)
  Jessica (D:2)
  Natasha (D:2)
  An adder (D:2)
  An ufetubus (D:3)
  A worm (D:2)
  A dart slug (D:2)
  2 orcs
  6 endoplasms
  A giant cockroach (D:1)
  7 goblins
  4 hobgoblins
  3 jackals (D:2)
  6 kobolds
  2 quokkas
  6 ball pythons
  4 bats
  5 frilled lizards
  8 rats
62 creatures vanquished.

Notes
Turn   | Place    | Note
-------+----------+-------------------------------------------
     0 | D:5      | Descartes the Spriggan Delver began the quest for the Orb.
     0 | D:5      | Reached XP level 1. HP: 11/11 MP: 2/2
    21 | D:5      | Noticed a hound
    42 | D:5      | Noticed Prince Ribbit
    67 | D:5      | Noticed a hound
    68 | D:5      | Noticed a jelly
    71 | D:4      | Noticed an orc priest
    71 | D:4      | Noticed an orc priest
    72 | D:4      | Noticed Sigmund
   109 | D:4      | Noticed an ogre
   469 | D:3      | Noticed a kobold brigand
   551 | D:3      | Reached skill level 1 in Evocations
   551 | D:3      | Reached XP level 2. HP: 16/16 MP: 3/3
  1984 | D:1      | Found a faded altar of an unknown god.
  2453 | D:1      | Reached XP level 3. HP: 19/19 MP: 4/4
  2636 | D:2      | Noticed Natasha
  3054 | D:2      | Noticed Jessica
  3062 | D:2      | Killed Jessica
  3063 | D:2      | Reached skill level 1 in Slings
  3161 | D:2      | Reached XP level 4. HP: 23/23 MP: 5/5
  3419 | D:2      | Killed Natasha
  3420 | D:2      | Reached skill level 8 in Stealth
  3924 | D:2      | Killed a kobold brigand
  3925 | D:2      | Reached skill level 1 in Spellcasting
  3925 | D:2      | Reached XP level 5. HP: 23/27 MP: 5/7
  4661 | D:4      | Killed from afar by an orc priest

Illustrated notes

Levels and vault maps discovered:
D:1:      lightli_arrival_statuegarden, layout_basic,
          hellmonk_ecumenical_altar_leap_of_faith, minmay_misc_feat_pillars,
          minmay_cut_off
D:2:      layout_loops_ring, minmay_fountain_box, grunt_decor_clamped,
          uniq_natasha, uniq_jessica
D:3:      layout_basic, minivault_23
D:4:      layout_cave_pods, uniq_sigmund
D:5:      layout_rooms, mainiacjoe_overflow_small_starburst, serial_park_tiny_1,
          lemuel_flame_loot_1, uniq_prince_ribbit1, uniq_grinder

Skill      XL: |  1  2  3  4  5 |
---------------+----------------+-----
Dodging        | 3 4 |  4.2
Evocations     | 1 2 3 |  3.0
Slings         | 1 2 |  2.3
Short Blades   | 3 |  3.4
Stealth        | 8 |  8.3
Spellcasting   | 1 |  1.4
Fighting       | |  2.4

Action                   |  1- 3 |  4- 6 || total
-------------------------+-------+-------++-------
Melee: Short sword       |    33 |       ||    33
       Dagger            |    37 |    62 ||    99
 Fire: Hunting sling     |    50 |    30 ||    80
Throw: Stone             |    30 |       ||    30
 Stab: Sleeping          |     9 |     9 ||    18
       Distracted        |     1 |     1 ||     2
Armor: Robe              |     5 |     4 ||     9
Dodge: Dodged            |    67 |    45 ||   112
Block: Other             |     3 |    11 ||    14
       Reflection        |       |     1 ||     1
